 Dungeon Crawl Stone Soup version 0.24.0-13-gcf9b319 (webtiles) character file.

Game seed: 11108451317333942259, levelgen mode: deterministic

581 Bronimir the Chiller (level 7, -35/48 HPs)
             Began as a Merfolk Ice Elementalist on Mar 26, 2020.
             Was an Initiate of Okawaru.
             Killed from afar by Duvessa (46 damage)
             ... with an exploding inner flame
             ... hexed by the player character
             ... on level 4 of the Dungeon.
             The game lasted 00:11:06 (4429 turns).

Bronimir the Chiller (Merfolk Ice Elementalist)     Turns: 4429, Time: 00:11:07

Health: -35/48     AC:  5    Str:  9    XL:     7   Next: 36%
Magic:  11/13      EV: 20    Int: 16    God:    Okawaru [......]
Gold:   133        SH:  0    Dex: 19    Spells: 8/14 levels left

rFire    x . .     SeeInvis .   a - +0 scythe
rCold    + . .     Gourm    .   (shield currently unavailable)
rNeg     . . .     Faith    .   g - +0 robe
rPois    .         Spirit   .   (no helmet)
rElec    .         Reflect  .   j - +0 cloak
rCorr    .         Harm     .   (no gloves)
MR       .....                  (no boots)
Stlth    +++.......             (no amulet)
HPRegen  0.16/turn              i - ring of ice
MPRegen  0.13/turn              n - +2 ring of protection

@: agile
A: change form in water, swift swim, stealthy swim
a: Renounce Religion


You were on level 4 of the Dungeon.
You worshipped Okawaru.
Okawaru was noncommittal.
You were near starving.

You visited 1 branch of the dungeon, and saw 4 of its levels.

You collected 133 gold pieces.

Inventory:

Hand Weapons
 a - a +0 scythe (weapon)
 b - a +0 hunting sling
 k - a +0 dagger
 w - a +0 spear
Missiles
 e - 141 stones (quivered)
 l - 37 bolts
Armour
 g - a +0 robe (worn)
 j - a +0 cloak (worn)
 v - a +0 leather armour
Jewellery
 i - a ring of ice (left hand)
 n - a +2 ring of protection (right hand)
Wands
 m - a wand of iceblast (5)
 u - a wand of enslavement (2)
Scrolls
 h - a scroll of remove curse
 t - a scroll of magic mapping {unknown}
 x - a scroll of enchant armour {unknown}
Potions
 p - a potion of curing
 r - 3 potions of flight
 s - 2 potions of haste
Comestibles
 c - 4 rations


   Skills:
 * Level 1.6 Fighting
 * Level 3.9 Polearms
 * Level 4.2 Dodging
 - Level 2.2 Stealth
 * Level 4.2 Spellcasting
 - Level 0.8 Conjurations
 + Level 0.4 Charms
 * Level 6.0 Ice Magic


You had 8 spell levels left.
You knew the following spells:

 Your Spells              Type           Power        Failure   Level  Hunger
a - Freeze                Ice            ####         1%          1    None
b - Throw Frost           Conj/Ice       ###...       6%          2    ##.....
c - Ozocubu's Armour      Chrm/Ice       ###.....     13%         3    ###....

Your spell library contained the following spells:

 Spells                   Type           Power        Failure   Level  Hunger
 Throw Icicle             Conj/Ice       ###.....     36%         4    ####...
 Summon Ice Beast         Ice/Summ       ###.....     43%         4    ####...


Dungeon Overview and Level Annotations

Branches:
Dungeon (4/15)
 Temple: D:4-7

Altars:
Okawaru

Annotations:
D:4 Menkaure


Message History

Duvessa convulses!
Your body is wracked with pain!
* * * LOW HITPOINT WARNING * * *
Duvessa closely misses you.
Casting: Freeze (safe; 1% risk of failure)
Confirm with . or Enter, or press ? or * to list all spells.
Aiming: Freeze (safe; 1% risk of failure)
Press: ? - help, Shift-Dir - straight line, f/p - Duvessa
Aim: Duvessa, wielding a +0 short sword and wearing a +0 ring mail (almost dead, unusually strong, inner flame)
You feel a surge of power!
You freeze Duvessa.
Duvessa is almost dead.
Casting: Freeze (safe; 1% risk of failure)
Confirm with . or Enter, or press ? or * to list all spells.
Aiming: Freeze (safe; 1% risk of failure)
Press: ? - help, Shift-Dir - straight line, f/p - Duvessa
Aim: Duvessa, wielding a +0 short sword and wearing a +0 ring mail (almost dead, unusually strong, inner flame)
You feel a surge of power!
You freeze Duvessa!
Duvessa explodes!
The fiery explosion engulfs you!!! The fire burns you terribly!
Ouch! That really hurt!
You die...

....... #.###.... ..## .......
#.#.....###...####..##
......M#####...............##...
#....>.##.#.###................
.#............##.........###....
......%.......###.##.....##.#..##
...[....#.........###...##......#
.##.....#.#.....#.##........#....
#..###.###.....@##.........##)..
#.. #..#......#§§M........#....
.. #.....###.##§.............# .
#......###.#............####
......####...##...)<.......#
...... ##...#......##...## ...###
##.....###.#...## ...
##.......##..## ## #..........#.#


You could see Menkaure (inner flame).

Vanquished Creatures
  Sigmund (D:2)
  Edmund (D:4)
  Dowan (D:4)
  2 hounds (D:4)
  2 orc wizards (D:3)
  An iguana (D:1)
  6 adders
  An ooze (D:1)
  An adder zombie (D:2)
  3 worms
  A dart slug (D:1)
  A leopard gecko (D:1)
  7 orcs (D:3)
  3 bats
  A giant cockroach (D:1)
  10 hobgoblins
  4 jackals (D:1)
  7 kobolds
  7 frilled lizards
  7 goblins
  3 rats
70 creatures vanquished.

Notes
Turn   | Place    | Note
-------+----------+-------------------------------------------
     0 | D:1      | Bronimir the Merfolk Ice Elementalist began the quest for
                  | the Orb.
     0 | D:1      | Reached XP level 1. HP: 13/13 MP: 3/3
   206 | D:1      | Reached XP level 2. HP: 19/19 MP: 5/5
   210 | D:1      | Learned a level 2 spell: Throw Frost
   899 | D:1      | Reached skill level 4 in Ice Magic
   899 | D:1      | Reached XP level 3. HP: 24/24 MP: 1/6
  1150 | D:1      | Learned a level 3 spell: Ozocubu's Armour
  1596 | D:2      | Reached skill level 1 in Polearms
  1653 | D:2      | Noticed Sigmund
  2050 | D:2      | Killed Sigmund
  2050 | D:2      | Reached skill level 5 in Ice Magic
  2050 | D:2      | Reached XP level 4. HP: 20/31 MP: 3/8
  2050 | D:2      | Reached XP level 5. HP: 23/36 MP: 3/9
  2769 | D:3      | Reached XP level 6. HP: 41/42 MP: 11/11
  3434 | D:3      | Reached skill level 1 in Fighting
  3783 | D:3      | Found an iron altar of Okawaru.
  3789 | D:3      | Became a worshipper of Warmaster Okawaru
  4011 | D:3      | Found a faded altar of an unknown god.
  4138 | D:4      | Noticed Edmund
  4147 | D:4      | Killed Edmund
  4147 | D:4      | Reached XP level 7. HP: 41/48 MP: 0/12
  4278 | D:4      | Noticed Dowan
  4298 | D:4      | Killed Dowan
  4298 | D:4      | Reached skill level 6 in Ice Magic
  4387 | D:4      | Noticed Duvessa
  4389 | D:4      | Noticed Menkaure
  4410 | D:4      | HP: 1/48 [Duvessa/+0 short sword (3)]
  4429 | D:4      | Killed Duvessa
  4429 | D:4      | Killed from afar by Duvessa

Levels and vault maps discovered:
D:1:      saegor_arrival_miasma, layout_basic, minmay_misc_feat_columns
D:2:      layout_basic, uniq_sigmund
D:3:      layout_basic, marbit_many_paths, chequers_ecumenical_altar_grove
D:4:      minmay_clustersquares, layout_cave_pools, uniq_edmund, uniq_natasha,
          uniq_grinder, uniq_menkaure, uniq_duvessa

Skill      XL: |  1  2  3  4  5  6  7 |
---------------+----------------------+-----
Dodging        | 3 4 |  4.2
Ice Magic      | 4 5 6 |  6.0
Polearms       | 2 3 |  3.9
Spellcasting   | 3 4 |  4.2
Fighting       | 1 |  1.6
Stealth        | |  2.2
Conjurations   | |  0.8
Charms         | |  0.4

Action                   |  1- 3 |  4- 6 |  7- 9 || total
-------------------------+-------+-------+-------++-------
Melee: Spear             |    66 |       |       ||    66
       Unarmed           |     1 |       |       ||     1
       Scythe            |       |    81 |     3 ||    84
 Cast: Freeze            |    39 |    27 |    15 ||    81
       Throw Frost       |     3 |     7 |     3 ||    13
       Ozocubu's Armour  |     2 |     7 |       ||     9
  Use: Potion            |       |       |     8 ||     8
       Scroll            |       |       |     3 ||     3
 Stab: Sleeping          |     5 |     9 |       ||    14
  Eat: Chunk             |     4 |     8 |       ||    12
Armor: Robe              |    28 |    31 |     3 ||    62
Dodge: Dodged            |    52 |    98 |    26 ||   176
